[Event "Hasselbacken Open 2018"]
[Site "Stockholm"]
[Date "2018.11.04"]
[Round "7"]
[White "Ingbrandt, Johan"]
[Black "Petersson, Baldur Teodor"]
[Result "1-0"]
[ECO "A05"]
[WhiteElo "2364"]
[BlackElo "2181"]
[Annotator "NA"]
[PlyCount "63"]
[EventDate "2018.11.02"]
[EventCountry "SWE"]
[SourceTitle "playchess.com"]
[Source "ChessBase"]
[SourceQuality "1"]
[TimeControl "5400+30"]

1. Nf3 Nf6 2. g3 g6 3. b3 Bg7 4. Bb2 O-O 5. Bg2 d6 6. d4 c5 7. O-O Nc6 8. c4 cxd4 9. Nxd4 Bd7 10. Nc3 Qa5 {[%emt 0:22:25] LiveBook: 169 Games} 11. Nc2 Ng4 12. Qd2 Qh5 13. h3 Nf6 $14 14. h4 Bh6 15. Ne3 Ng4 16. f4 Bg7 17. Nxg4 Qxg4 18. Kh2 Nd4 19. e3 Nf5 20. Rf3 Bc6 21. Nd5 e6 22. Bxg7 Kxg7 23. e4 exd5 24. cxd5 Bd7 25. exf5 Qxf5 26. Rc1 Rac8 27. Rfc3 Rxc3 28. Rxc3 Rc8 29. Rxc8 Bxc8 30. Qd4+ Qf6 31. Qxa7 Qb2 32. Qb8 1-0

[Event "Hasselbacken Open 2018"]
[Site "Stockholm"]
[Date "2018.11.04"]
[Round "7"]
[White "Galinsky, Timofey"]
[Black "Nordebrink, Johan"]
[Result "1-0"]
[ECO "D04"]
[WhiteElo "2359"]
[BlackElo "2125"]
[Annotator "NA"]
[PlyCount "69"]
[EventDate "2018.11.02"]
[EventCountry "SWE"]
[SourceTitle "playchess.com"]
[Source "ChessBase"]
[SourceQuality "1"]
[TimeControl "5400+30"]

1. d4 Nf6 2. Nf3 d5 3. e3 c5 4. c4 cxd4 5. Nxd4 e5 6. Nf3 Nc6 {[%emt 0:14:51] LiveBook: 20 Games} 7. Nc3 {[%emt 0:10:23] [#] D04: Damenbauernspiele} (7. a3 $11) (7. cxd5 Qxd5 8. Nc3 Qxd1+ 9. Nxd1 e4 10. Nd2 Nb4 11. Bb5+ Bd7 12. Bxd7+ Kxd7 13. Ke2 Bd6 14. Nc3 Rhe8 {0-1 (55) Adly,A (2460)-Nisipeanu,L (2695) Turin 2006}) 7... Bb4 (7... d4 $1 $17 8. Nd5 Nxd5 9. cxd5 Qxd5) 8. Bd2 ({Better is} 8. cxd5 $15 Nxd5 9. Bd2) 8... O-O 9. Nxd5 Nxd5 10. cxd5 Qxd5 11. Bxb4 Qxd1+ 12. Rxd1 Nxb4 13. Nxe5 Nc2+ $146 ({Vorgänger:} 13... Nxa2 14. Bc4 Be6 15. Bxe6 fxe6 16. Rd6 {1-0 (26) Fanaskov,A (2039)-Denisov,N (2121) Kemerovo 2010}) 14. Kd2 Nb4 15. Bc4 b5 16. a3 bxc4 17. axb4 a5 18. bxa5 Rxa5 19. Nxc4 Rb5 20. Kc3 Be6 21. b3 Rfb8 22. Rb1 Rb4 23. Nd2 Bf5 24. Rb2 Rg4 25. g3 Rd8 26. Nc4 Rd3+ 27. Kb4 Be6 28. Rc1 $18 h5 29. Rcc2 Rd8 30. Rd2 Rb8+ 31. Kc3 Rxb3+ 32. Rxb3 Rxc4+ 33. Kb2 h4 34. Rb8+ Kh7 35. Rd4 1-0

[Event "Hasselbacken Open 2018"]
[Site "Stockholm"]
[Date "2018.11.04"]
[Round "7"]
[White "Medvedyk, Volodymyr"]
[Black "Bellon Lopez, Juan Manuel"]
[Result "1/2-1/2"]
[ECO "B43"]
[WhiteElo "2303"]
[BlackElo "2337"]
[Annotator "NA"]
[PlyCount "139"]
[EventDate "2018.11.02"]
[EventCountry "SWE"]
[SourceTitle "playchess.com"]
[Source "ChessBase"]
[SourceQuality "1"]
[TimeControl "5400+30"]

1. e4 c5 2. Nf3 e6 3. d4 cxd4 4. Nxd4 a6 5. Nc3 Qc7 6. Qf3 b5 (6... Nf6 $11 {keeps the balance.}) 7. Bf4 d6 {[%emt 0:04:53] LiveBook: 4 Games} 8. Qg3 ({White should play} 8. O-O-O $14) 8... Nf6 9. Bxb5+ Bd7 10. Bxd7+ Nbxd7 $16 11. Bd2 Qb7 12. O-O Be7 13. Qxg7 Rg8 14. Qh6 Nxe4 15. f3 Rg6 16. Qe3 Nxd2 17. Qxd2 Qxb2 18. Rfb1 Qa3 19. Ne4 Nc5 20. Nxc5 Qxc5 21. Kh1 Rc8 22. Rb7 Bf6 23. Rd1 Bxd4 24. Qxd4 Qxd4 25. Rxd4 Rxc2 26. g3 Rg5 27. Rxd6 Re5 28. Rb1 Rxa2 29. Rd4 h5 30. Rdb4 Re3 31. R1b2 Raa3 32. Rb8+ Ke7 33. f4 h4 34. gxh4 Rh3 35. R2b7+ Kd6 36. Kg2 Rxh4 37. Rxf7 Ra2+ 38. Kg3 Rh6 39. Rd8+ Kc6 40. Rc8+ Kd5 41. Rd7+ Ke4 42. Rc4+ Kf5 43. Rc5+ Kf6 44. Rcc7 Rhxh2 45. Rf7+ Kg6 46. Rg7+ Kf5 47. Rg5+ Kf6 48. Rcg7 Rhg2+ 49. Kf3 Rxg5 50. Rxg5 a5 51. Rh5 Ra1 52. Ke4 a4 53. Rh6+ Kg7 54. Rh2 a3 55. Rg2+ Kf6 56. Kf3 a2 57. Kg4 Kg6 58. Kh4+ Kf5 59. Kg3 Ke4 60. Kg4 Ke3 61. Kg3 Rf1 62. Rxa2 Rf3+ 63. Kg4 Rxf4+ 64. Kg5 Rf8 65. Ra3+ Kd4 66. Ra4+ Kd3 67. Ra3+ Kc4 68. Ra4+ Kb3 69. Re4 Kb2 70. Rxe6 1/2-1/2

[Event "Hasselbacken Open 2018"]
[Site "Stockholm"]
[Date "2018.11.04"]
[Round "7"]
[White "Lundin, Jan"]
[Black "Crevatin, Leo"]
[Result "1/2-1/2"]
[ECO "B02"]
[WhiteElo "2293"]
[BlackElo "2130"]
[Annotator "NA"]
[PlyCount "65"]
[EventDate "2018.11.02"]
[EventCountry "SWE"]
[SourceTitle "playchess.com"]
[Source "ChessBase"]
[SourceQuality "1"]
[TimeControl "5400+30"]

1. e4 Nf6 2. Nc3 d5 3. e5 d4 4. exf6 dxc3 5. fxg7 cxd2+ 6. Qxd2 Qxd2+ 7. Bxd2 Bxg7 8. O-O-O Nc6 {[%emt 0:03:01] LiveBook: 56 Partien} 9. h4 a6 10. h5 h6 11. g3 Bg4 12. f3 Bd7 13. Ne2 O-O-O $11 14. Bh3 Bxh3 15. Rxh3 Rd7 16. Rhh1 Rhd8 17. Bc3 Bxc3 18. Nxc3 Rxd1+ 19. Rxd1 Rxd1+ 20. Kxd1 Nd4 21. f4 f5 22. Nd5 Kd7 23. Ne3 Ke6 24. c3 Nc6 25. Ke2 Nb8 26. g4 fxg4 27. Nxg4 Nd7 28. Nxh6 Nf6 29. Kf3 Nxh5 30. Ng4 Nf6 31. c4 Nxg4 32. Kxg4 Kf6 33. b4 {[%emt 0:08:43] Ke5} 1/2-1/2